 Dungeon Crawl Stone Soup version 0.23-a0-207-g93a313e (webtiles) character file.

2599 MisterFreud the Spear-Bearer (level 9, -3/68 HPs)
             Began as a Naga Fire Elementalist on Sept 24, 2018.
             Slain by a shadow imp (5 damage)
             ... on level 7 of the Dungeon.
             The game lasted 00:22:33 (7426 turns).

MisterFreud the Spear-Bearer (NaFE)                 Turns: 7426, Time: 00:22:34

Health: -3/68      AC: 10    Str: 10    XL:     9   Next: 59%
Magic:  2/12       EV: 10    Int: 18    God:
Gold:   307        SH:  4    Dex: 13    Spells: 4/12 levels left

rFire    + . .     SeeInvis +   E - +8 lance "Wyrmbane" {slay drac, rPois rF+ rC+ AC+3}
rCold    + . .     Gourm    .   B - +0 buckler
rNeg     + . .     Faith    +   s - +1 robe {rN+}
rPois    +         Spirit   .   (no helmet)
rElec    .         Reflect  .   q - +0 cloak
rCorr    .         Harm     .   h - +0 pair of gloves
MR       +....                  (no barding)
Stlth    ++........             g - amulet of faith
HPRegen  0.21/turn              (no ring)
MPRegen  0.13/turn              (no ring)

@: very slightly contaminated, invisible, very slow
A: large, see invisible, deformed body, poison resistance, slowness 2, slow
metabolism 1, spit poison 1, AC +3
a: Spit Poison


You were on level 7 of the Dungeon.
You were very hungry.

You visited 2 branches of the dungeon, and saw 8 of its levels.

You collected 307 gold pieces.

Inventory:

Hand Weapons
 b - a +2 quarterstaff of chaos
 e - a +0 whip
 E - the +8 lance "Wyrmbane" (weapon) {slay drac, rPois rF+ rC+ AC+3}
   (You found it on level 6 of the Dungeon)

   It affects your AC (+3).
   It protects you from fire.
   It protects you from cold.
   It protects you from poison.
Missiles
 f - 331 stones (quivered)
 G - 2 throwing nets
Armour
 a - a +0 robe
 h - a +0 pair of gloves (worn)
 q - a +0 cloak (worn)
 s - a +1 robe of positive energy (worn)
 B - a +0 buckler (worn)
Jewellery
 g - an amulet of faith (around neck)
 o - a +4 amulet of reflection {unknown}
Wands
 m - a wand of digging (11)
 F - a wand of acid (8)
Scrolls
 i - 2 scrolls of teleportation
 j - 2 scrolls of amnesia
 n - a scroll of fog {unknown}
 p - a scroll of fear {unknown}
 r - 3 scrolls of remove curse {unknown}
 w - a scroll of blinking {unknown}
 y - a scroll of magic mapping {unknown}
 z - a scroll of random uselessness {unknown}
 A - 2 scrolls of immolation {unknown}
 C - a scroll of enchant armour {unknown}
 D - a scroll of vulnerability {unknown}
Potions
 l - 2 potions of flight
 t - a potion of magic {unknown}
 u - a potion of cancellation
 v - a potion of haste
 x - a potion of agility
Comestibles
 c - 19 rations


   Skills:
 + Level 9.6(9.9) Polearms
 - Level 3.6(7.1) Staves
 - Level 1.5 Dodging
 - Level 3.0 Stealth
 - Level 2.4 Shields
 - Level 2.0 Spellcasting
 - Level 5.0 Conjurations
 - Level 5.0 Fire Magic


You had 4 spell levels left.
You knew the following spells:

 Your Spells              Type           Power        Failure   Level  Hunger
a - Flame Tongue          Conj/Fire      ###..        2%          1    #......
b - Conjure Flame         Conj/Fire      ###.....     7%          3    ###....
c - Sticky Flame          Conj/Fire      ###.....     22%         4    #####..

Your spell library contained the following spells:

 Spells                   Type           Power        Failure   Level  Hunger
 Throw Flame              Conj/Fire      ###...       3%          2    ###....
 Inner Flame              Hex/Fire       ##......     19%         3    ###....
 Fireball                 Conj/Fire      ###.......   54%         5    ######.


Dungeon Overview and Level Annotations

Branches:
Dungeon (7/15)             Temple (1/1) D:6

Altars:
Ashenzari
Elyvilon
Fedhas
Kikubaaqudgha
Makhleb
Nemelex Xobeh
Okawaru
Qazlal
Ru
Sif Muna
Trog
Uskayaw
Vehumet
Wu Jian
Yredelemnul
Zin
The Shining One

Shops:
D:5 [%}(


Innate Abilities, Weirdness & Mutations

You cannot wear boots.
Your serpentine skin is tough. (AC +3)
You have supernaturally acute eyesight. (SInv)
Armour fits poorly on your strangely shaped body.
Your system is resistant to poisons. (rPois)
You cover ground very slowly.
You have a slow metabolism.
You can spit poison.


Message History

* * * LOW HITPOINT WARNING * * *
The two-headed ogre hits you with a giant club!
* * * LOW HITPOINT WARNING * * *
You feel much better.
The two-headed ogre burns!
The shadow imp gestures at you. You resist with significant effort.
The two-headed ogre closely misses you.
The two-headed ogre hits you with a giant club!!
* * * LOW HITPOINT WARNING * * *
The two-headed ogre burns!
The shadow imp hits you.
* * * LOW HITPOINT WARNING * * *
A centaur comes into view.
You fade into invisibility!
The two-headed ogre burns!
The shadow imp hits you but does no damage.
The two-headed ogre closely misses you. x2
The two-headed ogre burns!
You kill the two-headed ogre!
Your Polearms skill increases to level 9!
The shadow imp hits you.
You die...

......$..#
........#
.....(.. #
$)....###
#.###.#.....#
...##
...........
..... #.........
...## #.@.......
# . #a5../.... #
... #.)....### #
.....###.##$....
##
.......)).######
#. ._........#
#. ..........#
#. ..........#
########.
###.......#
#........


You could see a worker ant and a shadow imp.

Vanquished Creatures
  A two-headed ogre (D:7)
  Prince Ribbit (D:7)
  A phantom (D:5)
  An orc warrior (D:6)
  A sky beast (D:6)
  6 ogres
  A scorpion (D:6)
  A crimson imp (D:6)
  Crazy Yiuf (D:2)
  A centaur zombie (D:6)
  5 hounds
  A bullfrog skeleton (D:6)
  5 orc priests
  3 orc wizards
  An iguana (D:4)
  Terence (D:2)
  4 worker ants
  2 hound zombies (D:6)
  2 worker ant zombies
  6 gnolls
  8 adders
  3 worms (D:2)
  4 dart slugs
  6 leopard geckos
  11 orcs
  A ball python (D:3)
  11 bats
  6 giant cockroaches
  8 hobgoblins
  4 jackals (D:1)
  5 quokkas
  A ball python skeleton (D:2)
  A frilled lizard (D:4)
  3 goblins
  10 kobolds
  A leopard gecko skeleton (D:4)
  A quokka zombie (D:6)
  8 rats
137 creatures vanquished.

Notes
Turn   | Place    | Note
-------+----------+-------------------------------------------
     0 | D:1      | MisterFreud the Naga Fire Elementalist began the quest for
                  | the Orb.
     0 | D:1      | Reached XP level 1. HP: 15/15 MP: 3/3
   397 | D:1      | Reached XP level 2. HP: 22/22 MP: 5/5
   718 | D:1      | Reached XP level 3. HP: 27/28 MP: 6/6
   723 | D:1      | Learned a level 3 spell: Conjure Flame
   781 | D:1      | Found a shattered altar of Ashenzari.
  1943 | D:2      | You fall through a shaft!
  1945 | D:3      | Reached XP level 4. HP: 36/36 MP: 7/7
  2249 | D:3      | Found a stormy altar of Qazlal.
  2642 | D:3      | HP: 1/36 [orc (5)]
  2964 | D:3      | Reached XP level 5. HP: 34/42 MP: 2/8
  3069 | D:3      | Learned a level 4 spell: Sticky Flame
  3450 | D:2      | Found a runed door.
  3454 | D:2      | Noticed Crazy Yiuf
  3459 | D:2      | Killed Crazy Yiuf
  3508 | D:2      | Found a hide-covered altar of Uskayaw.
  3581 | D:2      | Noticed Terence
  3586 | D:2      | Killed Terence
  4295 | D:4      | Reached XP level 6. HP: 49/49 MP: 9/9
  4299 | D:4      | Reached skill level 1 in Staves
  4345 | D:4      | Noticed a phantom
  4586 | D:4      | Found a blossoming altar of Fedhas.
  4661 | D:4      | Found a burning altar of Makhleb.
  4698 | D:4      | Found an iron altar of Okawaru.
  4817 | D:4      | HP: 1/49 [phantom (3)]
  5107 | D:5      | Entered Level 5 of the Dungeon
  5107 | D:5      | Found Poodyng's Antique Armour Shop.
  5202 | D:5      | Found Jublet's Food Shoppe.
  5317 | D:5      | Reached skill level 5 in Conjurations
  5390 | D:5      | Noticed a phantom
  5399 | D:5      | Reached skill level 5 in Fire Magic
  5399 | D:5      | Reached XP level 7. HP: 55/55 MP: 5/10
  5416 | D:5      | Reached skill level 1 in Shields
  5859 | D:5      | Found Citeilearr's Weapon Emporium.
  6085 | D:5      | Found Dustuc's Gadget Shoppe.
  6160 | D:6      | Found the +8 lance "Wyrmbane" {slay drac, rPois rF+ rC+
                  | AC+3}
  6243 | D:6      | Reached skill level 2 in Polearms
  6266 | D:6      | Reached XP level 8. HP: 62/62 MP: 8/11
  6270 | D:6      | Reached skill level 3 in Polearms
  6545 | D:6      | Reached skill level 4 in Polearms
  6922 | D:6      | Reached skill level 5 in Polearms
  7048 | D:6      | Reached skill level 6 in Polearms
  7093 | D:6      | Found a staircase to the Ecumenical Temple.
  7098 | Temple   | Entered the Ecumenical Temple
  7313 | D:7      | Reached skill level 7 in Polearms
  7330 | D:7      | Noticed Prince Ribbit
  7341 | D:7      | Killed Prince Ribbit
  7341 | D:7      | Reached XP level 9. HP: 49/68 MP: 7/12
  7398 | D:7      | Found a hide-covered altar of Uskayaw.
  7407 | D:7      | Reached skill level 8 in Polearms
  7409 | D:7      | Noticed a two-headed ogre
  7421 | D:7      | HP: 3/68 [two-headed ogre/giant spiked club (6)]
  7424 | D:7      | HP: 1/68 [shadow imp (1)]
  7426 | D:7      | Killed a two-headed ogre
  7426 | D:7      | Reached skill level 9 in Polearms
  7426 | D:7      | Slain by a shadow imp

Vault maps used:
D:1:      dpeg_arrival_water_temple_mockup, nicolae_ashenzari_panopticon
D:2:      nicolae_overflow_hidden_temple, uniq_terence, uniq_crazy_yiuf_cottage
D:3:      grunt_qazlal_clouds
D:4:      okawaru_ov_weapons_minmay, kennysheep_little_box, first_ration,
          makhleb_heckhound_becter
D:5:      serial_shops, shop, nicolae_shop_waterfront, shop, shop
D:6:      temple_doors_e
D:7:      tgw_xom, kennysheep_mini, basic_altar, supply_closet_lemuel,
          grunt_livestock, patterned_corridor, uniq_prince_ribbit1, uniq_duvessa
Temple:   dshaligram_water_room_temple

Skill      XL: |  1  2  3  4  5  6  7  8  9 |
---------------+----------------------------+-----
Conjurations   | 2 3 4 5 |  5.0
Fire Magic     | 4 5 |  5.0
Staves         | 2 3 |  3.6
Shields        | 2 |  2.4
Polearms       | 2 7 9 |  9.6
Dodging        | |  1.5
Stealth        | |  3.0
Spellcasting   | |  2.0

Action                   |  1- 3 |  4- 6 |  7- 9 || total
-------------------------+-------+-------+-------++-------
Melee: Unarmed           |    18 |       |       ||    18
       Whip              |    63 |    67 |       ||   130
       Quarterstaff      |       |    67 |    30 ||    97
       Lance             |       |       |   127 ||   127
 Cast: Flame Tongue      |    39 |    46 |    11 ||    96
       Conjure Flame     |       |     1 |       ||     1
       Sticky Flame      |       |     7 |    14 ||    21
 Abil: Spit Poison       |     9 |    14 |     4 ||    27
Evoke: Wand              |       |       |     1 ||     1
  Use: Scroll            |     3 |     6 |     2 ||    11
       Potion            |       |     1 |     4 ||     5
 Stab: Sleeping          |     2 |     3 |     3 ||     8
       Invisible         |       |       |     1 ||     1
       Distracted        |       |       |     2 ||     2
  Eat: Chunk             |     3 |    13 |     9 ||    25
Armor: Robe              |    36 |    55 |    50 ||   141
Dodge: Dodged            |    71 |   104 |    66 ||   241
Block: Buckler           |       |       |    10 ||    10

Table legend:
 A = Non-vault XP
 B = Vault XP
 C = Vault XP percentage of total XP
 D = Non-vault monster count
 E = Vault monster count
 F = Vault count percentage of total count
                 A         B        C        D         E       F
            +---------+---------+-------+---------+---------+-------
      Total |    3315 |     399 |  10.7 |     133 |       4 |   2.9
            +---------+---------+-------+---------+---------+-------
        D:1 |      48 |       0 |   0.0 |      28 |       0 |   0.0
        D:2 |      61 |      80 |  56.7 |      18 |       2 |  10.0
        D:3 |     127 |       0 |   0.0 |      24 |       0 |   0.0
        D:4 |     118 |      42 |  26.2 |      10 |       1 |   9.1
        D:5 |     409 |       0 |   0.0 |      15 |       0 |   0.0
        D:6 |    1369 |       0 |   0.0 |      33 |       0 |   0.0
        D:7 |    1183 |     277 |  19.0 |       5 |       1 |  16.7
            +---------+---------+-------+---------+---------+-------
